 Dungeon Crawl Stone Soup version 0.21.1-1-g345015f (webtiles) character file.

2293 zishaf the Thaumaturge (level 9, 0/39 HPs)
             Began as a Spriggan Enchanter on May 21, 2018.
             Was an Initiate of Fedhas.
             Slain by dirtydan's ghost (14 damage)
             ... on level 7 of the Dungeon.
             The game lasted 00:21:41 (6793 turns).

zishaf the Thaumaturge (Spriggan Enchanter)         Turns: 6793, Time: 00:21:41

Health: 0/39       AC:  3    Str:  4    XL:     9   Next: 17%
Magic:  23/23      EV: 20    Int: 19    God:    Fedhas [......]
Gold:   255        SH:  0    Dex: 17    Spells: 18/26 levels left

rFire    . . .     SeeInvis +   u - +3 dagger (venom)
rCold    . . .     Gourm    .   (shield restricted)
rNeg     . . .     Faith    .   b - +0 robe
rPois    .         Spirit   .   (helmet restricted)
rElec    .         Reflect  .   s - +0 cloak
rCorr    .         Harm     .   (gloves unavailable)
MR       +....                  (boots unavailable)
Stlth    ++++......             q - amulet of magic regeneration
HPRegen  0.13/turn              D - +1 ring of slaying
MPRegen  0.43/turn              z - ring of stealth

@: very quick
A: very small, unfitting armour, see invisible, herbivore, speed 3, slow
metabolism 2
a: Fungal Bloom, Renounce Religion


You were on level 7 of the Dungeon.
You worshipped Fedhas.
Fedhas was noncommittal.
You were hungry.

You visited 2 branches of the dungeon, and saw 9 of its levels.

You collected 255 gold pieces.

Inventory:

Hand Weapons
 a - a +1 dagger
 u - a +3 dagger of venom (weapon)
Armour
 b - a +0 robe (worn)
 s - a +0 cloak (worn)
 y - a +0 buckler
Jewellery
 q - an amulet of magic regeneration (around neck)
 v - an uncursed ring of see invisible
 z - a ring of stealth (right hand)
 B - an uncursed ring of resist corrosion
 D - a +1 ring of slaying (left hand)
Wands
 m - a wand of disintegration (13)
 A - a wand of scattershot (9)
Scrolls
 e - a scroll of amnesia {unknown}
 h - 3 scrolls of magic mapping {unknown}
 i - a scroll of enchant armour {unknown}
 k - 2 scrolls of enchant weapon {unknown}
 o - 5 scrolls of remove curse {unknown}
 w - 4 scrolls of identify
 x - 2 scrolls of teleportation {unknown}
 C - a scroll of fear {unknown}
Potions
 f - 3 potions of flight
 g - 2 potions of heal wounds {unknown}
 j - 2 potions of curing
 l - a potion of agility {unknown}
 n - a potion of cancellation {unknown}
 p - 4 potions of lignification {unknown}
 t - 2 potions of invisibility {unknown}
Books
 c - a book of Maledictions

   Spells                             Type                      Level
   a - Corona                         Hexes                        1
   b - Ensorcelled Hibernation        Hexes/Ice                    2
   c - Confuse                        Hexes                        3
   d - Tukima's Dance                 Hexes                        3
   e - Dazzling Spray                 Conjuration/Hexes            3
 r - a book of Minor Magic

   Spells                             Type                      Level
   a - Magic Dart                     Conjuration                  1
   b - Blink                          Translocation                2
   c - Call Imp                       Summoning                    2
   d - Slow                           Hexes                        2
   e - Conjure Flame                  Conjuration/Fire             3
   f - Mephitic Cloud                 Conjuration/Poison/Air       3
Comestibles
 d - 15 rations


   Skills:
 - Level 3.0 Short Blades
 - Level 5.0 Dodging
 - Level 6.1 Stealth
 + Level 9.2 Spellcasting
 + Level 9.1 Hexes
 - Level 4.0 Translocations
 - Level 5.0 Evocations


You had 18 spell levels left.
You knew the following spells:

 Your Spells              Type           Power        Failure   Level  Hunger
a - Ensorcelled Hibernat  Hex/Ice        ####..       1%          2    None
b - Corona                Hex            #####..      1%          1    None
c - Confuse               Hex            #####...     1%          3    None
d - Blink                 Tloc           N/A          2%          2    None


Dungeon Overview and Level Annotations

Branches:
Dungeon (8/15)             Temple (1/1) D:6
   Lair: D:8-11

Altars:
Ashenzari
Cheibriados
Dithmenos
Elyvilon
Fedhas
Gozag
Hepliaklqana
Kikubaaqudgha
Makhleb
Nemelex Xobeh
Okawaru
Qazlal
Ru
Sif Muna
Trog
Uskayaw
Vehumet
Wu Jian
Xom
Yredelemnul
Zin
The Shining One

Annotations:
D:7 dirtydan's ghost, novice GnFi


Innate Abilities, Weirdness & Mutations

You are very small and have problems with some larger weapons.
You are too small for most types of armour.
You have supernaturally acute eyesight. (SInv)
You are a herbivore.
You cover ground extremely quickly.
You need consume almost no food.


Message History

Dirtydan's ghost is heavily damaged.
Dirtydan's ghost hits you!
You are too injured to fight recklessly!
You are too injured to fight recklessly!
You are too injured to fight recklessly!
You are too injured to fight recklessly!
You are too injured to fight recklessly!
You are too injured to fight recklessly!
You are too injured to fight recklessly!
You are too injured to fight recklessly!
You hit dirtydan's ghost but do no damage.
Dirtydan's ghost is heavily damaged.
Dirtydan's ghost completely misses you.
You hit dirtydan's ghost but do no damage.
Dirtydan's ghost is heavily damaged.
You hit dirtydan's ghost.
Dirtydan's ghost is heavily damaged.
Dirtydan's ghost hits you!
You die...
Fedhas appreciates your contribution to the ecosystem.

#### ############ ##...
#(....##...###.÷.#
#$....##.§(#.)#)##
#.....##÷÷..#####
#.....####### #......###
######@.......#########
.......W................
.....####....########...
.... #....# #### ...
#.......... # ..
#$....#.... # .
#.....#..... #.....#
.### #### ....<.. ..
....


You could see dirtydan's ghost (confused).

Vanquished Creatures
  Menkaure (D:4)
  An orc warrior (D:8)
  2 phantoms
  3 centaurs
  A necrophage (D:8)
  6 ogres
  3 bullfrogs
  2 howler monkeys (D:7)
  A crimson imp (D:5)
  A bullfrog skeleton (D:5)
  A hound (D:4)
  Crazy Yiuf (D:3)
  An orc priest (D:8)
  A jelly (D:5)
  3 orc wizards
  An iguana (D:4)
  Ijyb (D:5)
  Natasha (thrice) (D:2)
  Terence (D:2)
  5 worker ants
  2 hound skeletons
  4 gnolls (D:4)
  10 adders
  3 shadow imps (D:5)
  An adder skeleton (D:4)
  2 worms
  2 dart slugs (D:3)
  4 leopard geckos
  15 orcs
  A ball python (D:3)
  2 hobgoblins
  19 jackals
  4 quokkas
  12 bats
  5 frilled lizards
  6 goblins
  5 kobolds
  4 rats
140 creatures vanquished.

Notes
Turn   | Place    | Note
-------+----------+-------------------------------------------
     0 | D:1      | zishaf the Spriggan Enchanter began the quest for the Orb.
     0 | D:1      | Reached XP level 1. HP: 9/9 MP: 5/5
   591 | D:1      | Reached skill level 5 in Stealth
   591 | D:1      | Reached XP level 2. HP: 13/13 MP: 6/6
   595 | D:1      | Learned a level 2 spell: Ensorcelled Hibernation
   739 | D:2      | Noticed Natasha
   756 | D:2      | Killed Natasha
   756 | D:2      | Reached XP level 3. HP: 10/16 MP: 0/8
  1071 | D:2      | Noticed Natasha
  1089 | D:2      | Killed Natasha
  1089 | D:2      | Reached XP level 4. HP: 2/21 MP: 0/10
  1391 | D:2      | Noticed Terence
  1394 | D:2      | Killed Terence
  1478 | D:2      | Reached skill level 5 in Hexes
  1572 | D:2      | Reached XP level 5. HP: 23/24 MP: 8/12
  1702 | D:2      | Noticed Natasha
  1710 | D:2      | Killed Natasha
  2501 | D:3      | Found a runed door.
  2594 | D:3      | Reached skill level 5 in Spellcasting
  2800 | D:3      | Found a faded altar of an unknown god.
  2800 | D:3      | Found a faded altar of an unknown god.
  2890 | D:3      | Reached XP level 6. HP: 28/28 MP: 9/14
  3266 | D:3      | Found a sacrificial altar of Ru.
  3268 | D:3      | Found a snail-covered altar of Cheibriados.
  3279 | D:3      | Found a bloodstained altar of Trog.
  3317 | D:3      | Became a worshipper of Elyvilon the Healer
  3317 | D:3      | Reached * piety under Elyvilon
  3320 | D:3      | Fell from the grace of Elyvilon
  3333 | D:3      | Became a worshipper of Uskayaw the Reveler
  3333 | D:3      | Reached * piety under Uskayaw
  3335 | D:3      | Fell from the grace of Uskayaw
  3397 | D:3      | Noticed Crazy Yiuf
  3401 | D:3      | Killed Crazy Yiuf
  3490 | D:4      | Noticed Menkaure
  3497 | D:4      | Killed Menkaure
  3497 | D:4      | Reached skill level 1 in Evocations
  3529 | D:4      | Reached XP level 7. HP: 32/32 MP: 14/17
  3603 | D:4      | Learned a level 3 spell: Confuse
  3606 | D:4      | Learned a level 2 spell: Blink
  3640 | D:4      | Reached skill level 1 in Translocations
  4219 | D:4      | Reached skill level 5 in Dodging
  4383 | D:4      | Reached XP level 8. HP: 36/36 MP: 15/18
  4516 | D:5      | Entered Level 5 of the Dungeon
  4518 | D:5      | Reached skill level 5 in Evocations
  4991 | D:5      | Noticed Ijyb
  4997 | D:5      | Killed Ijyb
  5620 | D:6      | Found a staircase to the Ecumenical Temple.
  5682 | Temple   | Entered the Ecumenical Temple
  5942 | Temple   | Became a worshipper of Fedhas Madash
  6041 | D:6      | You fall through a shaft for 2 floors!
  6147 | D:8      | Found a sacrificial altar of Ru.
  6337 | D:8      | Noticed a hand axe
  6337 | D:8      | Noticed a dagger
  6340 | D:8      | Found a hide-covered altar of Uskayaw.
  6362 | D:8      | Reached XP level 9. HP: 39/39 MP: 19/22
  6746 | D:7      | Noticed dirtydan's ghost (novice GnFi)
  6793 | D:7      | Slain by dirtydan's ghost

Skill      XL: |  1  2  3  4  5  6  7  8  9 |
---------------+----------------------------+-----
Stealth        | 5 6 |  6.1
Spellcasting   | 3 4 5 6 8 9 |  9.2
Hexes          | 4 5 6 8 9 |  9.1
Short Blades   | 2 3 |  3.0
Evocations     | 2 4 5 |  5.0
Translocations | 3 4 |  4.0
Dodging        | 5 |  5.0

Action                   |  1- 3 |  4- 6 |  7- 9 || total
-------------------------+-------+-------+-------++-------
Melee: Dagger            |    83 |    73 |   171 ||   327
 Cast: Corona            |     5 |       |       ||     5
       Ensorcelled Hiber |    11 |    54 |    77 ||   142
       Confuse           |       |       |    15 ||    15
Invok: Renounce Religion |       |     2 |       ||     2
Evoke: Wand              |       |     1 |       ||     1
  Use: Scroll            |       |     3 |       ||     3
 Stab: Sleeping          |    16 |    46 |    55 ||   117
       Confused          |       |       |     8 ||     8
  Eat: Ration            |       |     1 |     1 ||     2
Armor: Robe              |     7 |     8 |     3 ||    18
Dodge: Dodged            |    64 |    49 |    83 ||   196
